 Dungeon Crawl Stone Soup version 0.24.0-1-gfbc8707122 (webtiles) character file.

Game seed: 5019265345864016026, levelgen mode: deterministic

30 Looknius the Skirmisher (level 3, 0/34 HPs)
             Began as a Minotaur Abyssal Knight on Oct 28, 2019.
             Was a Believer of Lugonu.
             Slain by Terence
             ... wielding a +1 flail of protection
              (7 damage)
             ... on level 2 of the Dungeon.
             The game lasted 00:06:57 (1004 turns).

Looknius the Skirmisher (Minotaur Abyssal Knight)   Turns: 1004, Time: 00:06:58

Health: 0/34       AC:  5    Str: 17    XL:     3   Next: 3%
Magic:  3/3        EV: 10    Int:  9    God:    Lugonu [**....]
Gold:   76         SH:  0    Dex:  9    Spells: 2/2 levels left

rFire    . . .     SeeInvis .   a - +1 spear
rCold    . . .     Gourm    .   (no shield)
rNeg     . . .     Faith    .   g - +0 ring mail
rPois    .         Spirit   .   (helmet restricted)
rElec    .         Reflect  .   (no cloak)
rCorr    .         Harm     .   (no gloves)
MR       .....                  (no boots)
Stlth    ..........             (no amulet)
HPRegen  0.11/turn              k - ring of flight
MPRegen  0.08/turn              (no ring)

@: no status effects
A: retaliatory headbutt, horns 2
a: Depart the Abyss, Bend Space, Renounce Religion, Evoke Flight


You were on level 2 of the Dungeon.
You worshipped Lugonu.
Lugonu was pleased with you.
You were not hungry.

You visited 1 branch of the dungeon, and saw 2 of its levels.
You visited the Abyss 1 time.

You collected 76 gold pieces.

Inventory:

Hand Weapons
 a - a +1 spear (weapon)
Armour
 b - a +0 leather armour
 g - a +0 ring mail (worn)
Jewellery
 k - a ring of flight (left hand)
Scrolls
 d - a scroll of enchant armour {unknown}
 e - a scroll of identify
 h - a scroll of teleportation {unknown}
Potions
 f - a potion of cancellation {unknown}
 i - a potion of curing {unknown}
 j - a potion of haste {unknown}
 l - a potion of heal wounds {unknown}
Comestibles
 c - 4 rations


   Skills:
 + Level 4.4 Fighting
 + Level 2.8 Polearms
 + Level 2.7 Armour
 + Level 1.2 Dodging
 + Level 0.1 Stealth
 + Level 1.9 Invocations


You had 2 spell levels left.
You didn't know any spells.
Your spell library was empty.

Dungeon Overview and Level Annotations

Branches:
Dungeon (2/15)

Altars:

Annotations:
D:2 Terence


Innate Abilities, Weirdness & Mutations

You reflexively headbutt those who attack you in melee.
You have a pair of horns on your head.


Message History

You barely miss Terence.
Terence is severely wounded.
Terence completely misses you.
You hit Terence. You headbutt Terence, but do no damage.
Terence is severely wounded.
You hit Terence but do no damage.
Terence is severely wounded.
Terence hits you with a +1 flail of protection.
* * * LOW HITPOINT WARNING * * *
You hit Terence but do no damage.
Terence is severely wounded.
Terence closely misses you.
You hit Terence.
Terence is almost dead.
Terence hits you with a +1 flail of protection.
* * * LOW HITPOINT WARNING * * *
You barely miss Terence.
Terence is almost dead.
Terence hits you with a +1 flail of protection!
You die...

#.#.#####..........
#.## ##...#<.... #.#
#.....# . #.# ##...##
####.##### ##.##
#.......)# #.#
#.##.###.# #.# #.#..#
##'## #.#.####.# #.@@#
#..)...).##.....#
###.######.......#
#####...####.........#
...........+.........+
#####...####.........#
##.## ##.......## #.#
##.....## ..#


You could see Terence.

Vanquished Creatures
  5 bats
  A giant cockroach (D:1)
  5 goblins
  3 hobgoblins
  3 quokkas (D:2)
  5 kobolds
  5 rats
27 creatures vanquished.

Notes
Turn   | Place    | Note
-------+----------+-------------------------------------------
     0 | Abyss:1  | Looknius the Minotaur Abyssal Knight began the quest for
                  | the Orb.
     0 | Abyss:1  | Reached XP level 1. HP: 19/19 MP: 1/1
    13 | D:1      | Escaped the Abyss
   256 | D:1      | Reached skill level 4 in Fighting
   256 | D:1      | Reached XP level 2. HP: 27/27 MP: 2/2
   545 | D:1      | You fall into a shaft and drop 1 floor!
   643 | D:2      | Reached ** piety under Lugonu
   951 | D:2      | Reached XP level 3. HP: 34/34 MP: 3/3
   978 | D:2      | Noticed Terence
  1004 | D:2      | Slain by Terence

Levels and vault maps discovered:
D:1:      dpeg_arrival_short_road, layout_loops_corners
D:2:      layout_loops_corners, chequers_big_river, uniq_robin, uniq_terence

Skill      XL: |  1 |
---------------+----+-----
Fighting       | 4 |  4.4
Polearms       | |  2.8
Armour         | |  2.7
Dodging        | |  1.2
Stealth        | |  0.1
Invocations    | |  1.9

Action                   || total
-------------------------++-------
Melee: Spear             ||    80
       Headbutt          ||    16
  Use: Scroll            ||     1
Armor: Leather armour    ||    12
       Ring mail         ||    23
Dodge: Dodged            ||    42
